 Dungeon Crawl Stone Soup version 0.15-a0-33-ga435e27 (webtiles) character file.

3428 4tharraofdagon the Grappler (level 9, -11/83 HPs)
             Began as a Troll Monk on Apr 1, 2014.
             Was a Priest of the Shining One.
             Mangled by a hill giant skeleton (19 damage)
             ... on Level 9 of the Dungeon.
             The game lasted 00:09:33 (1976 turns).

4tharraofdagon the Grappler (Troll Monk)            Turns: 1976, Time: 00:09:34

HP -11/83        AC  5     Str 21      XL: 9   Next: 63%
MP  10/11        EV 10     Int  9      God: the Shining One [***...]
Gold 250         SH 14     Dex 12      Spells:  0 memorised,  8 levels left

rFire  . . .     SeeInvis .       - Unarmed
rCold  . . .     Clarity  .     a - +0 robe
rNeg   + + .     Conserve .     (shield restricted)
rPois  .         rCorr    .     (helmet restricted)
rElec  .         rRot     .     (no cloak)
SustAb . .       Spirit   .     (gloves unavailable)
rMut   .         Warding  .     (boots unavailable)
Gourm  +         Stasis   .     (no amulet)
MR     .....                    (no ring)
                                g - ring of positive energy

@: glowing, not resistant to hostile enchantments, very unstealthy
A: unfitting armour, claws 3, fast metabolism 3, gourmand, regeneration 2,
saprovore 2, shaggy fur 1, tough skin 2
a: Divine Shield, Renounce Religion


You were on level 9 of the Dungeon.
You worshipped the Shining One.
The Shining One was most pleased with you.
You were completely stuffed.

You visited 1 branch of the dungeon, and saw 9 of its levels.

You collected 250 gold pieces.

Inventory:

Missiles
 s - 3 javelins of returning (quivered)
Armour
 a - a +0 robe (worn)
 q - a cursed -1 robe
Magical devices
 w - a wand of lightning (6)
 y - a wand of teleportation (4)
Comestibles
 b - 5 meat rations
 u - 2 pears
 v - a bread ration
 x - a snozzcumber
Scrolls
 c - 2 scrolls of noise {unknown}
 e - 2 scrolls of remove curse
 h - a scroll of amnesia {unknown}
 i - a scroll of teleportation {unknown}
 j - 2 scrolls of enchant armour {unknown}
 l - 2 scrolls of magic mapping {unknown}
 p - a scroll of fog {unknown}
 r - a scroll of enchant weapon III {unknown}
 t - a scroll of immolation {unknown}
Jewellery
 g - a ring of positive energy (left claw)
Potions
 d - a potion of curing
 f - a potion of degeneration
 k - a potion of might
 m - a potion of restore abilities
 n - a potion of cure mutation {unknown}
 z - a potion of resistance {unknown}


   Skills:
 + Level 3.5 Fighting
 - Level 2.4 Dodging
 - Level 1.1 Stealth
 * Level 12.5 Unarmed Combat
 + Level 4.3 Invocations


You had 8 spell levels left.
You didn't know any spells.

Dungeon Overview and Level Annotations

Branches:
Dungeon (9/15)               Lair (0/8) D:8
 Temple: D:4-7          Orc: D:9-12

Altars:
Ashenzari
Elyvilon
Fedhas
Nemelex Xobeh
Sif Muna
Yredelemnul
Zin
The Shining One

Shops:
D:8 (*


Innate Abilities, Weirdness & Mutations

You are too large for most types of armour.
You have claws for hands.
Your metabolism is lightning-fast.
You like to eat raw meat.
You heal very quickly.
You can eat rotten meat.
You are covered in fur (AC +1).
You have very tough skin (AC +2).


Message History

You claw the hill giant skeleton! The hill giant skeleton hits you!
* * * LOW HITPOINT WARNING * * *
The gnoll hits you from afar with a spear.
* * * LOW HITPOINT WARNING * * *
Unknown command.
Unknown command.
You mangle the hill giant skeleton!! The gnoll misses you.
The hill giant skeleton hits you.
* * * LOW HITPOINT WARNING * * *
Unknown command.
You claw the hill giant skeleton!
The gnoll hits you from afar with a spear.
* * * LOW HITPOINT WARNING * * *
You block the gnoll's attack.
Unknown command.
You claw the hill giant skeleton!
The gnoll hits you from afar with a spear.
* * * LOW HITPOINT WARNING * * *
The hill giant skeleton hits you!
You die...

#...#............
####..............
#..............#...
#...............#...
##.))...............##
#..(#.................#
#..)##(.....g.........#.
#...##.(....gZ##........
######..(gg.#@..........
###.().#............
#...##............
#...###........... #####
#............
#.%...........
#..............
####...........
####%.........>


You could see 2 gnolls and a hill giant skeleton.

Vanquished Creatures
  A two-headed ogre (D:6)
  A wraith (D:8)
  6 yaks (D:9)
  A hippogriff (D:7)
  2 ice beasts (D:6)
  An orc warrior (D:7)
  A sky beast (D:9)
  A black bear (D:6)
  A phantom (D:6)
  A centaur (D:9)
  An ogre (D:8)
  Duvessa (D:7)
  A gnoll sergeant (D:9)
  3 giant frogs
  A big kobold (D:7)
  A water moccasin zombie (D:7)
  A scorpion (D:7)
  Dowan (D:7)
  4 crimson imps
  3 orc priests
  4 orc wizards
  A hound (D:6)
  Natasha (twice) (D:3)
  2 worker ants
  A hound zombie (D:7)
  2 gnolls (D:9)
  A giant mite (D:3)
  2 adders
  2 shadow imps
  A worm (D:3)
  An iguana zombie (D:8)
  A giant eyeball (D:8)
  3 giant geckos
  2 oozes
  16 orcs
  7 bats
  3 giant cockroaches
  3 goblins
  10 hobgoblins
  3 jackals (D:5)
  2 giant newts
  13 kobolds
  A kobold skeleton (D:4)
  An orc skeleton (D:9)
  3 rats
  A rat zombie (D:5)
121 creatures vanquished.

Notes
Turn   | Place    | Note
--------------------------------------------------------------
     0 | D:1      | 4tharraofdagon, the Troll Monk, began the quest for the Orb.
     0 | D:1      | Reached XP level 1. HP: 22/22 MP: 1/1
   110 | D:2      | Found a glowing golden altar of the Shining One.
   110 | D:2      | Found a sparkling altar of Nemelex Xobeh.
   127 | D:2      | Became a worshipper of the Shining One
   127 | D:2      | Acquired the Shining One's first power
   127 | D:2      | Acquired the Shining One's second power
   156 | D:3      | Found a white marble altar of Elyvilon.
   159 | D:3      | Reached XP level 2. HP: 25/29 MP: 1/1
   175 | D:3      | Noticed Natasha
   181 | D:3      | Killed Natasha
   181 | D:3      | Reached skill level 5 in Unarmed Combat
   181 | D:3      | Reached XP level 3. HP: 34/36 MP: 2/2
   228 | D:3      | Noticed Natasha
   236 | D:3      | Killed Natasha
   319 | D:4      | Found a deep blue altar of Sif Muna.
   401 | D:3      | Reached XP level 4. HP: 39/44 MP: 2/2
   417 | D:3      | Noticed an orc wizard
   425 | D:3      | Killed an orc wizard
   426 | D:3      | Reached skill level 6 in Unarmed Combat
   539 | D:5      | Entered Level 5 of the Dungeon
   630 | D:5      | Found a glowing silver altar of Zin.
   690 | D:5      | Reached XP level 5. HP: 50/50 MP: 2/2
   711 | D:6      | Noticed an ice beast
   716 | D:6      | Killed an ice beast
   716 | D:6      | Reached skill level 7 in Unarmed Combat
   746 | D:6      | Reached XP level 6. HP: 59/59 MP: 3/3
   793 | D:6      | Noticed an ice beast
   805 | D:6      | Killed an ice beast
   805 | D:6      | Reached skill level 8 in Unarmed Combat
   809 | D:6      | Noticed a black bear
   817 | D:6      | Killed a black bear
   817 | D:6      | Reached XP level 7. HP: 58/66 MP: 3/3
   867 | D:6      | Noticed a phantom
   876 | D:6      | Killed a phantom
   878 | D:6      | Reached skill level 9 in Unarmed Combat
   882 | D:6      | Noticed a two-headed ogre
   887 | D:6      | Killed a two-headed ogre
  1049 | D:7      | Reached skill level 10 in Unarmed Combat
  1076 | D:6      | Found a shattered altar of Ashenzari.
  1098 | D:7      | Reached XP level 8. HP: 60/74 MP: 3/3
  1193 | D:7      | Reached skill level 1 in Invocations
  1207 | D:7      | Noticed Duvessa
  1210 | D:7      | Noticed Dowan
  1222 | D:7      | Killed Duvessa
  1229 | D:7      | Killed Dowan
  1229 | D:7      | Reached skill level 11 in Unarmed Combat
  1312 | D:8      | Found Caosen's General Store.
  1323 | D:8      | Paralysed by a giant eyeball for 3 turns
  1326 | D:8      | Found Simig's Weapon Emporium.
  1551 | D:8      | Reached XP level 9. HP: 75/80 MP: 9/9
  1559 | D:8      | Found a staircase to the Lair.
  1623 | D:8      | Found a blossoming altar of Fedhas.
  1623 | D:8      | Found a basalt altar of Yredelemnul.
  1838 | D:9      | Reached skill level 12 in Unarmed Combat
  1976 | D:9      | Mangled by a hill giant skeleton

Action                   |  1- 3 |  4- 6 |  7- 9 || total
-------------------------+-------+-------+-------++-------
Melee: Unarmed           |    40 |    51 |   215 ||   306
Invok: Divine Shield     |       |       |     2 ||     2
Evoke: Wand              |       |       |     2 ||     2
  Use: Scroll            |       |     3 |     2 ||     5
       Potion            |       |       |     8 ||     8
